 Dungeon Crawl Stone Soup version 0.26.1-11-gd32895ea62 (webtiles) character file.

Game seed: 3004911846018132242

30490 H0rd4k the Martial Artist (level 13, -3/77 HPs)
             Began as an Octopode Transmuter on July 13, 2021.
             Was an Initiate of Gozag.
             Slain by a dream sheep (11 damage)
             ... on level 5 of the Lair of Beasts.
             The game lasted 00:43:25 (25554 turns).

H0rd4k the Martial Artist (Octopode Transmuter)    Turns: 25554, Time: 00:43:25

Health: -3/77      AC:  1    Str: 16    XL:     13   Next: 52%
Magic:  0/26       EV: 17    Int: 19    God:    Gozag
Gold:   790        SH:  0    Dex: 13    Spells: 7/31 levels left

rFire    x . .     SeeInvis .     - Unarmed
rCold    + . .     Faith    .   (shield currently unavailable)
rNeg     + . .     Spirit   +   (helmet restricted)
rPois    .         Reflect  .   b - amulet of guardian spirit
rElec    .         Harm     .   (no ring)
rCorr    .         Rampage  .   u - +6 ring of strength
Will     .....                  w - ring of ice
Stlth    +++.......             B - ring of positive energy
HPRegen  0.22/turn              (no ring)
MPRegen  0.20/turn              (no ring)
                                (no ring)
                                (no ring)

@: about to teleport, blade tentacles, gold aura, studying Unarmed Combat
A: almost no armour, stealthy swim, amphibious, 8 rings, constrict 8, camouflage
1, gelatinous body 1
a: End Transformation, Renounce Religion, Potion Petition, Call Merchant, Bribe
Branch


You were on level 5 of the Lair of Beasts.
You worshipped Gozag.
Gozag was pleased with you.
You had blades for tentacles.
You visited 2 branches of the dungeon, and saw 16 of its levels.
You also visited: Bailey.

You collected 5076 gold pieces.
You spent 1545 gold pieces at shops.
You paid 2741 gold pieces to Gozag.

Inventory:

Hand Weapons
 s - the +4 halberd "Tafuts" {freeze, rPois Str-3 Int+3}
   (You found it on level 9 of the Dungeon)

   It has been specially enchanted to freeze those struck by it, causing extra
   injury to most foes and up to half again as much damage against particularly
   susceptible opponents.
   It can also slow down cold-blooded creatures.
   It affects your strength (-3).
   It affects your intelligence (+3).
   It protects you from poison.
 G - the +4 glaive of Discord {vorpal, Will++}
   (You found it on level 10 of the Dungeon)

   It inflicts extra damage upon your enemies.
   It affects your willpower, your defense against some magical effects.
Magical Staves
 q - an uncursed staff of cold
 z - an uncursed staff of earth
Jewellery
 b - an amulet of guardian spirit (around mantle)
 p - an uncursed ring of fire
 u - a +6 ring of strength (right scythe-like blade)
 w - a ring of ice (on tentacle)
 B - a ring of positive energy (on tentacle)
 H - an uncursed ring of ice
Wands
 k - a wand of paralysis (26)
 v - a wand of flame (88)
 K - a wand of acid (14)
 L - a wand of digging (6)
Scrolls
 a - 3 scrolls of identify
 f - 4 scrolls of amnesia
 h - 3 scrolls of fog
 j - 5 scrolls of teleportation
 m - 5 scrolls of remove curse
 y - 5 scrolls of enchant weapon
 D - 4 scrolls of summoning
 E - 3 scrolls of enchant armour
Potions
 c - 2 potions of berserk rage
 d - 3 potions of haste
 e - 11 potions of curing
 g - 3 potions of attraction
 i - 8 potions of heal wounds
 l - a potion of experience
 o - a potion of ambrosia
 r - 3 potions of mutation
 t - a potion of brilliance
 x - 2 potions of resistance
 A - a potion of flight
 C - 2 potions of might
 F - 2 potions of invisibility
 J - 2 potions of lignification {unknown}
Books
 I - a manual of Unarmed Combat


   Skills:
 + Level 3.3 Fighting
 + Level 7.7 Dodging
 + Level 1.0 Stealth
 + Level 14.3 Unarmed Combat
 * Level 9.8 Spellcasting
 + Level 1.5 Hexes
 * Level 2.3 Translocations
 * Level 10.1 Transmutations
 + Level 4.1 Ice Magic
 - Level 5.7 Poison Magic
 + Level 2.6 Evocations


You had 7 spell levels left.
You knew the following spells:

 Your Spells              Type           Power        Failure   Level
a - Beastly Appendage     Tmut           94%          8%          1
b - Spider Form           Tmut/Pois      19%          14%         3
c - Blink                 Tloc           N/A          30%         2
d - Blade Hands           Tmut           23%          26%         5
e - Confusing Touch       Hex            15%          50%         3
f - Ice Form              Ice/Tmut       53%          30%         4
g - Ozocubu's Armour      Ice            37%          30%         3
h - Frozen Ramparts       Ice            74%          30%         3

Your spell library contained the following spells:

 Spells                   Type           Power        Failure   Level
 Wereblood                Tmut           47%          9%          2
 Freeze                   Ice            100%         17%         1
 Slow                     Hex            15%          36%         2
 Magic Dart               Conj           36%          41%         1
 Shock                    Conj/Air       36%          41%         1
 Gell's Gravitas          Tloc           9%           43%         3
 Petrify                  Tmut/Erth      28%          45%         4
 Mephitic Cloud           Conj/Pois/Air  16%          47%         3
 Call Imp                 Summ           9%           50%         2
 Swiftness                Air            9%           50%         2
 Yara's Violent Unravell  Hex/Tmut       15%          61%         5
 Conjure Flame            Conj/Fire      9%           65%         3
 Static Discharge         Conj/Air       9%           65%         3
 Hailstorm                Conj/Ice       25%          75%         4
 Summon Ice Beast         Ice/Summ       25%          75%         4
 Metabolic Englaciation   Hex/Ice        15%          89%         5
 Airstrike                Air            4%           91%         4
 Summon Forest            Summ/Tloc      6%           98%         5
 Summon Mana Viper        Hex/Summ       12%          98%         5
 Lightning Bolt           Conj/Air       4%           99%         5
 Summon Demon             Summ           4%           99%         5
 Shadow Creatures         Summ           N/A          100%        6
 Summon Hydra             Summ           4%           100%        7


Dungeon Overview and Level Annotations

Branches:
Dungeon (10/15)            Temple (0/1) D:6            Lair (6/6) D:9
 Shoals (0/4) Lair:4        Snake (0/4) Lair:2        Slime (0/5) Lair:5
 Bailey (visited)
    Orc: D:9-12

Altars:
Ashenzari
Dithmenos
Gozag
Hepliaklqana
Kikubaaqudgha
Nemelex Xobeh
Okawaru
Qazlal
Ru
Uskayaw
Vehumet
Wu Jian
Xom
Yredelemnul

Shops:
D:5 *   D:6 *   D:9 *:*

Annotations:
D:5 1 exclusion
D:6 2 transporters, exclusion: downstairs
D:7 Harold
D:9 exclusion: downstairs
D:10 3 runed translucent doors, exclusion: 3 doors, Doot's ghost, novice DECj; Maurice; Snorg


Innate Abilities, Weirdness & Mutations

You cannot wear most types of armour.
You are very stealthy in the water. (Stealth+)
You are amphibious.
You can wear up to eight rings at the same time.
You can use your tentacles to constrict eight enemies at once.
Your skin changes colour to match your surroundings (Stealth+).
Your rubbery body absorbs attacks. (AC +1, EV +1)


Message History

The dream sheep barely misses you. The dream sheep misses you.
You shred the dream sheep!!!
You kill the dream sheep!
The dream sheep barely misses you.
The dream sheep shake their wool and sparkle.
You feel drowsy...
You fall asleep.
The dream sheep closely misses you. The dream sheep bites you!
You wake up.
You barely miss the dream sheep. Your grab misses the dream sheep.
The dream sheep is heavily wounded.
The dream sheep bites you. The dream sheep completely misses you.
The dream sheep bites you.
* * * LOW HITPOINT WARNING * * *
The dream sheep bites you!
* * * LOW HITPOINT WARNING * * *
As you read the scroll of teleportation, it crumbles to dust.
You feel strangely unstable. The dream sheep bites you!
* * * LOW HITPOINT WARNING * * *
The dream sheep bites you!
You die...
Your body crumbles into a pile of gold.

######################
P#.##..YYY.##(..#...##P#..
.......YY@................
.......##Y#..#....#.##P..P
......# ###.#......######.
...... ####......###.#.
..... ##.....#...#.. $
..... #...........#. ...$
.##............. ....
.........#P.....
##......##.###.


You could see 6 dream sheep.

Vanquished Creatures
  Josephine (Lair:4)
  2 death yaks
  A two-headed ogre (D:9)
  Pikel (D:10)
  3 orc knights (Bailey)
  2 elephants (Lair:5)
  5 black mambas
  Psyche (D:8)
  8 cane toads
  Maggie (D:8)
  5 komodo dragons
  3 rime drakes
  2 polar bears
  2 trolls
  A dream sheep (Lair:5)
  9 blink frogs
  5 wraiths (Lair:4)
  4 wyverns
  5 basilisks
  42 yaks
  A steam dragon (D:9)
  Menkaure (D:5)
  5 nagas (Lair:2)
  6 water moccasins
  An ice beast (D:6)
  A hornet zombie (D:9)
  8 orc warriors
  A phantom (D:5)
  3 black bears
  9 ogres
  3 centaurs
  11 wolves
  3 lemures (D:8)
  2 big kobolds
  17 bullfrogs
  4 scorpions
  3 killer bees (D:10)
  4 wights (D:8)
  3 jellies
  6 hounds
  4 orc wizards
  4 centaur skeletons
  7 orc priests
  2 bullfrog skeletons
  Natasha (thrice) (D:3)
  8 hell rats
  An iguana (D:8)
  3 worker ants
  A hound zombie (D:8)
  A hound skeleton (D:4)
  A howler monkey skeleton (D:4)
  A howler monkey zombie (D:3)
  A worker ant zombie (D:9)
  8 gnolls
  10 adders
  4 river rats (D:8)
  A shadow imp (D:5)
  A white imp (D:8)
  2 ufetubi
  3 adder skeletons
  4 worms
  A dart slug (D:1)
  5 leopard geckos
  49 orcs
  3 bats
  2 giant cockroaches
  6 goblins
  9 hobgoblins
  2 jackals (D:2)
  6 quokkas
  7 ball pythons
  5 frilled lizards
  13 kobolds
  A leopard gecko zombie (D:7)
  A quokka skeleton (D:5)
  2 quokka zombies (D:5)
  17 rats
  A rat zombie (D:4)
395 creatures vanquished.

Vanquished Creatures (collateral kills)
  5 orc warriors (Bailey)
  15 orcs (Bailey)
20 creatures vanquished.

Vanquished Creatures (others)
  2 orc warriors (Bailey)
  A jelly (D:6)
  An orc (Bailey)
  A butterfly (D:6)
  21 fungi
  23 plants
49 creatures vanquished.

Grand Total: 464 creatures vanquished

Notes
Turn   | Place    | Note
-------+----------+-------------------------------------------
     0 | D:1      | H0rd4k the Octopode Transmuter began the quest for the Orb.
     0 | D:1      | Reached XP level 1. HP: 13/13 MP: 3/3
   542 | D:1      | Reached XP level 2. HP: 16/18 MP: 5/5
  1117 | D:2      | Found a sparkling altar of Nemelex Xobeh.
  1646 | D:2      | Found a basalt altar of Yredelemnul.
  1664 | D:2      | Reached XP level 3. HP: 23/23 MP: 6/6
  1668 | D:2      | Learned a level 3 spell: Spider Form
  1777 | D:2      | Found a shadowy altar of Dithmenos.
  2565 | D:3      | Reached XP level 4. HP: 27/28 MP: 7/7
  2701 | D:2      | Reached skill level 4 in Unarmed Combat
  3132 | D:3      | Noticed Natasha
  3323 | D:3      | Reached XP level 5. HP: 33/33 MP: 8/8
  3331 | D:3      | Reached skill level 1 in Poison Magic
  3428 | D:3      | Found a stormy altar of Qazlal.
  3490 | D:3      | Killed Natasha
  3512 | D:3      | Noticed Natasha
  3719 | D:3      | Killed Natasha
  3846 | D:3      | You fall into a shaft and drop 1 floor!
  4034 | D:4      | Reached XP level 6. HP: 30/38 MP: 7/10
  4642 | D:3      | Noticed Natasha
  4646 | D:3      | Killed Natasha
  4647 | D:3      | Reached skill level 5 in Unarmed Combat
  5136 | D:4      | Reached XP level 7. HP: 26/43 MP: 5/11
  5277 | D:4      | Found a hazy altar of Hepliaklqana.
  5508 | D:4      | Found an ancient bone altar of Kikubaaqudgha.
  5588 | D:5      | Entered Level 5 of the Dungeon
  5643 | D:5      | Reached skill level 6 in Unarmed Combat
  5801 | D:5      | Noticed Menkaure
  5981 | D:6      | Found Gozag's Platinum Reserve.
  5985 | D:6      | Found an opulent altar of Gozag.
  5990 | D:6      | Found a radiant altar of Vehumet.
  5996 | D:6      | Became a worshipper of Gozag Ym Sagoz the Greedy
  6020 | D:6      | Found a transporter.
  6028 | D:6      | Noticed a kobold demonologist
  6039 | D:6      | Found a transporter.
  6128 | D:6      | Reached XP level 8. HP: 44/48 MP: 11/13
  6300 | D:6      | Reached skill level 7 in Unarmed Combat
  6447 | D:6      | Found an iron altar of Okawaru.
  6781 | D:6      | Found a staircase to the Ecumenical Temple.
  7229 | D:6      | Reached skill level 8 in Unarmed Combat
  7229 | D:6      | Reached XP level 9. HP: 39/54 MP: 6/15
  7383 | D:5      | Killed Menkaure
  7572 | D:5      | Reached skill level 5 in Transmutations
  7931 | D:5      | Found Ethog's Serpentskin Sales.
  8668 | D:7      | Reached skill level 5 in Dodging
  8701 | D:7      | Found a shimmering altar of Xom.
  8941 | D:7      | Reached skill level 9 in Unarmed Combat
  9017 | D:7      | Noticed Harold
  9074 | D:6      | Learned a level 2 spell: Blink
  9080 | D:6      | Learned a level 5 spell: Blade Hands
  9084 | D:6      | Learned a level 3 spell: Confusing Touch
  9265 | D:7      | Found an ornate altar of the Wu Jian Council.
  9291 | D:8      | Reached skill level 5 in Spellcasting
 10207 | D:8      | Found the +2 ratskin cloak {*Rats rPois rN+ Str-1 Int-1
                  | Dex+1}
 10518 | D:8      | Noticed Pikel
 10529 | D:8      | Noticed Maggie
 10649 | D:8      | Killed Maggie
 10650 | D:8      | Reached XP level 10. HP: 49/60 MP: 12/18
 10779 | D:8      | Noticed Psyche
 10788 | D:8      | Killed Psyche
 10789 | D:8      | Reached skill level 10 in Unarmed Combat
 12072 | D:9      | Noticed a two-headed ogre
 12203 | D:9      | Found a sacrificial altar of Ru.
 12255 | D:9      | Found a flagged portal.
 12261 | D:9      | Got a translucent halberd
 12264 | Bailey   | Entered a bailey
 12520 | Bailey   | Reached skill level 1 in Evocations
 12537 | Bailey   | Noticed an orc knight
 12562 | Bailey   | Identified the +4 halberd "Tafuts" {freeze, rPois Str-3
                  | Int+3} (You found it on level 9 of the Dungeon)
 12600 | Bailey   | Killed an orc knight
 12601 | Bailey   | Reached skill level 5 in Poison Magic
 12728 | Bailey   | Noticed an orc knight
 12730 | Bailey   | Noticed an orc knight
 12824 | Bailey   | Killed an orc knight
 12848 | Bailey   | Killed an orc knight
 12849 | Bailey   | Reached skill level 11 in Unarmed Combat
 12849 | Bailey   | Reached XP level 11. HP: 21/64 MP: 7/20
 13149 | D:9      | Killed a two-headed ogre
 13634 | D:9      | Found a hide-covered altar of Uskayaw.
 15049 | D:9      | Found a staircase to the Lair.
 15407 | D:10     | Entered Level 10 of the Dungeon
 15408 | D:10     | Noticed Maurice
 15543 | D:10     | Learned a level 4 spell: Ice Form
 15647 | D:10     | Noticed Snorg
 15705 | D:10     | Killed Pikel
 15718 | D:10     | Reached skill level 12 in Unarmed Combat
 15978 | D:10     | Got an ichor-stained glaive
 16210 | D:10     | Found a runed translucent gate.
 16210 | D:10     | Found a runed translucent gate.
 16210 | D:10     | Found a runed translucent gate.
 16212 | D:10     | Noticed an 11-headed hydra
 16213 | D:10     | Noticed Doot's ghost (novice DECj)
 16213 | D:10     | Noticed a nine-headed hydra
 16229 | D:10     | Reached skill level 1 in Ice Magic
 16338 | D:9      | Identified the +4 glaive of Discord {vorpal, Will++} (You
                  | found it on level 10 of the Dungeon)
 16454 | D:9      | Learned a level 3 spell: Ozocubu's Armour
 16460 | Lair:1   | Entered Level 1 of the Lair of Beasts
 16505 | Lair:1   | Found a broken altar of Ashenzari.
 16994 | Lair:1   | Reached skill level 1 in Hexes
 17223 | Lair:1   | Reached XP level 12. HP: 72/72 MP: 23/23
 17447 | Lair:1   | Noticed a five-headed hydra
 17456 | Lair:1   | HP: 4/86 [five-headed hydra (11)]
 18994 | Lair:2   | Identified a scroll of acquirement
 19481 | Lair:2   | Found a staircase to the Snake Pit.
 21180 | Lair:3   | Reached skill level 13 in Unarmed Combat
 21847 | Lair:3   | Acquired 1332 gold pieces
 21924 | D:9      | Bought a manual of Unarmed Combat for 1545 gold pieces
 21932 | D:9      | Learned a level 3 spell: Frozen Ramparts
 22228 | Lair:4   | Noticed Josephine
 22377 | Lair:4   | Found a staircase to the Shoals.
 22512 | Lair:4   | Killed Josephine
 22513 | Lair:4   | Reached XP level 13. HP: 44/77 MP: 11/26
 24216 | Lair:5   | Found a staircase to the Slime Pits.
 24243 | Lair:5   | Reached skill level 14 in Unarmed Combat
 24256 | Lair:4   | Reached skill level 1 in Translocations
 24516 | Lair:5   | Reached skill level 10 in Transmutations
 25102 | Lair:6   | Entered Level 6 of the Lair of Beasts
 25406 | Lair:5   | Reached skill level 1 in Stealth
 25554 | Lair:5   | Slain by a dream sheep

Illustrated notes

Levels and vault maps discovered:
D:1:      sevenhm_arrival_forest_fort_large_3, layout_basic
D:2:      layout_loops_corners, nicolae_dithmenos_through_a_glass_darkly,
          nemelex_xobeh_ov_fountains_minmay, yredelemnul_altar_generic
D:3:      layout_rooms, nicolae_qazlal_eye_of_the_storm, uniq_natasha
D:4:      layout_basic, kennysheep_mini_moat, lemuel_zombie_altar_kikubaaqudgha
D:5:      layout_basic, serial_glass, glass_columns_b, glass_columns_a,
          minmay_strange_pillars, due_unseen_surprise, feat_on_display,
          minmay_strange_pillars, chequers_serial_rivers_room_b,
          guppyfry_shop_venom, uniq_menkaure
D:6:      gammafunk_wand_slinger, layout_basic, nicolae_gozag_zags_fifth_avenue,
          fiery_altar_vehumet, nicolae_overflow_crystal_walls,
          minmay_temple_entry_butterflies, grunt_ministairs_9,
          chequers_serial_rivers_micro_e
D:7:      layout_rooms, lemuel_doored_altar, overflow_temple_1_default,
          uniq_harold, uniq_crazy_yiuf_cottage
D:8:      wander_guarded_unrand_ratskin, layout_layer_cave, minmay_holes,
          uniq_pikel, uniq_maggie, uniq_psyche
D:9:      layout_gridville, lemuel_round_altar, eat_drink_and_be_merry_uskayaw,
          erik_lair_dragon, enter_bailey_2, corexii_corridor_pit
D:10:     layout_gridville, gammafunk_ghost_hydra_chop, uniq_maurice, uniq_snorg
Lair:1:   layout_gridlike, basic_altar
Lair:2:   layout_cave_pods, minmay_snake_entry_guardpost_large
Lair:3:   layout_cave_pods, beast_lair_carwin_9
Lair:4:   layout_cave_pods, elwin_shoals_entry_rocks, uniq_josephine
Lair:5:   layout_regular_city, slime_dummy, nicolae_lair_grove_arrangements,
          beast_lair_carwin_1
Lair:6:   evil_forest, layout_regular_city, minmay_lair_oklob_chamber,
          grunt_megastairs_1, infiniplex_staircase_pool

Skill      XL: |  1  2  3  4  5  6  7  8  9 10 11 12 13 |
---------------+----------------------------------------+-----
Unarmed Combat | 4 5 6 8 9 11 12 13 14 | 14.3
Poison Magic   | 1 2 3 4 5 |  5.7
Dodging        | 3 4 5 6 7 |  7.7
Spellcasting   | 3 4 5 6 7 9 |  9.8
Transmutations | 3 4 5 6 8 9 10 | 10.1
Evocations     | 2 |  2.6
Fighting       | 2 3 |  3.3
Ice Magic      | 2 3 4 |  4.1
Hexes          | 1 |  1.5
Translocations | 2 |  2.3
Stealth        | 1 |  1.0

Action                   |  1- 3 |  4- 6 |  7- 9 | 10-12 | 13-15 || total
-------------------------+-------+-------+-------+-------+-------++-------
Melee: Unarmed           |    78 |   149 |   329 |   646 |   155 ||  1357
       Constrict         |    21 |    22 |    21 |    17 |     6 ||    87
       Tentacles         |    12 |    14 |    19 |    24 |     7 ||    76
       Punch             |     1 |     3 |     7 |    10 |     6 ||    27
 Cast: Spider Form       |       |     7 |    30 |    40 |     6 ||    83
       Blade Hands       |       |       |       |     8 |     8 ||    16
       Confusing Touch   |       |       |       |     8 |     2 ||    10
       Ice Form          |       |       |       |    12 |     3 ||    15
       Ozocubu's Armour  |       |       |       |     5 |       ||     5
       Frozen Ramparts   |       |       |       |     1 |     1 ||     2
Invok: Call Merchant     |       |       |       |     3 |       ||     3
Evoke: Wand              |       |       |     4 |    22 |       ||    26
  Use: Scroll            |       |       |     2 |    27 |     2 ||    31
       Potion            |       |       |     1 |     4 |       ||     5
 Stab: Sleeping          |     8 |     6 |     6 |     2 |     1 ||    23
       Distracted        |       |       |     1 |     2 |       ||     3
       Paralysed         |       |       |     3 |     3 |       ||     6
       Confused          |       |       |       |     1 |       ||     1
Armor: Skin              |     2 |     9 |    11 |    44 |     3 ||    69
Dodge: Dodged            |    46 |   109 |   227 |   477 |    92 ||   951
